AoeStats
← Whitebear

African Clearing

510765283Analyzed
2v2 RM · 23h ago on Oct 2, 2026· 44m 25s· 4 players
Game mode
Random Map
Map size
Medium (4 player)
Population
200
Speed
Normal
Resources
Standard
Victory
Conquest
Starting age
Dark Age
Ending age
Imperial Age
RankedLock teamsTeams togetherTeam positionsShared explorationLock speedFull tech treeHidden civsTurbo modeCheats
Victory
Defeat
🇧🇪 Maya · Belgium
1396
+17
🇧🇪 Turks · Belgium
1395
+17
🇺🇸 Koreans · United States
1451
-18
🇨🇦 Saxons · Canada
1397
-16
Whitebear
9:07 Loom
12:02 Feudal Age
12:43 Double-Bit Axe
13:20 Gold Mining
16:11 Fletching
17:29 Padded Archer Armor
23:05 Castle Age
22:04 Horse Collar
28:45 Bodkin Arrow
29:55 Pikeman
30:38 Crossbowman
30:55 Elite Skirmisher
31:40 Gambesons
32:18 Arson
33:32 Squires
34:00 Scale Mail Armor
34:10 Forging
35:31 Chain Mail Armor
38:55 Town Watch
41:04 Iron Casting
43:11 Wheelbarrow
Vedette87
13:17 Feudal Age
11:36 Loom
13:24 Feudal Age
14:39 Double-Bit Axe
17:28 Castle Age
15:37 Stone Mining
15:56 Gold Mining
17:03 Fletching
17:59 Town Watch
23:54 Horse Collar
26:32 Wheelbarrow
27:40 Bodkin Arrow
29:52 Bow Saw
30:18 Hand Cart
38:51 Imperial Age
39:39 Bracer
43:19 Ballistics
43:59 Chemistry
Cowpolice
9:48 Loom
11:37 Feudal Age
14:38 Double-Bit Axe
18:23 Castle Age
16:58 Fletching
18:02 Padded Archer Armor
18:38 Gold Mining
19:30 Bodkin Arrow
19:27 Elite Skirmisher
22:20 Leather Archer Armor
26:15 Horse Collar
27:19 Ballistics
29:53 Town Watch
31:15 Wheelbarrow
31:22 Stone Mining
32:13 Hand Cart
33:29 Thumb Ring
37:55 Imperial Age
35:59 Bow Saw
35:53 Heavy Plow
36:33 Murder Holes
36:49 Masonry
37:18 Town Patrol
39:01 Bracer
40:01 Crossbowman
42:07 Chemistry
41:38 Architecture
41:42 Conscription
41:57 Hoardings
41:04 Arbalester
44:15 Ring Archer Armor
44:33 Crop Rotation
45:09 Two-Man Saw
Throbert
12:44 Feudal Age
12:01 Loom
14:30 Double-Bit Axe
18:31 Scale Barding Armor
18:37 Forging
20:03 Bloodlines
22:54 Horse Collar
25:53 Castle Age
27:30 Bow Saw
28:00 Chain Barding Armor
28:16 Iron Casting
29:13 Husbandry
30:53 Wheelbarrow
31:57 Hand Cart
32:33 Town Watch
47:26 Imperial Age
Connection lost

Rejoining the realm…

Still unreachable

The connection could not be restored.

Session expired

The server has moved on; the page needs a fresh start.